 Dungeon Crawl Stone Soup version 0.28-a0-1130-gc51a68064b (webtiles) character file.

Game seed: 2228435391527185305

3026 freelancePsychic the Thaumaturge (level 10, -12/76 HPs)
             Began as a Djinni Warper on Dec 13, 2021.
             Was an Initiate of Makhleb.
             Shot with an arrow by a centaur warrior (32 damage)
             ... on level 8 of the Dungeon.
             The game lasted 00:13:01 (9188 turns).

freelancePsychic the Thaumaturge (Djinni Warper)    Turns: 9188, Time: 00:13:02

Health: -12/76     AC: 15    Str:  8    XL:     10   Next: 10%
Gold:   467        EV: 11    Int: 21    God:    Makhleb [......] SH:  0 Dex: 14

rFire   + + .      SeeInvis .   a - +0 falchion
rCold   x . .      Faith    .   (no shield)
rNeg    . . .      Spirit   .   v - +1 leather armour {Will+}
rPois   ∞          Reflect  .   g - +0 helmet
rElec   .          Harm     .   l - +0 cloak
rCorr   .          Rampage  .   n - +0 pair of gloves
Will    +++++                   (boots unavailable)
Stlth   +.........              (no amulet)
HPRegen 0.22/turn               b - ring of Luchan {Drain Will+++ AC+4 Str-2 Int+3}
MPRegen 0.00/turn               w - +4 ring of protection

@: about to teleport, flying
A: sickness immunity, fire resistance 2, cold vulnerability 1, float, innate
caster, hp casting, extra vitality 1
a: Renounce Religion


You were on level 8 of the Dungeon.
You worshipped Makhleb.
Makhleb was noncommittal.
You visited 2 branches of the dungeon, and saw 9 of its levels.

You collected 467 gold pieces.

Inventory:

Hand Weapons
 a - a +0 falchion (weapon)
Missiles
 d - a boomerang of dispersal
Armour
 e - a +0 buckler
 g - a +0 helmet (worn)
 l - a +0 cloak (worn)
 n - a +0 pair of gloves (worn)
 v - a +1 leather armour of willpower (worn)
Magical Staves
 f - a staff of earth
Jewellery
 b - the ring of Luchan (left hand) {Drain Will+++ AC+4 Str-2 Int+3}
   (You found it on level 4 of the Dungeon)

   [ring of protection]

   AC:        It affects your AC (+4).
   Str:       It affects your strength (-2).
   Int:       It affects your intelligence (+3).
   Drain:     It drains your maximum health when unequipped.
   Will:      It greatly increases your willpower.
 w - a +4 ring of protection (right hand)
 x - a ring of wizardry
Wands
 u - a wand of polymorph (8)
Scrolls
 c - 2 scrolls of blinking
 j - a scroll of enchant armour
 p - a scroll of magic mapping
 r - 6 scrolls of identify {@r1}
 t - a scroll of fear
Potions
 h - 3 potions of lignification {unknown}
 i - 7 potions of curing {@q1}
 m - a potion of flight {unknown}
 o - a potion of haste {unknown}
 q - 2 potions of cancellation {unknown}
 s - a potion of heal wounds {unknown}
 z - a potion of mutation {unknown}
 A - a potion of attraction {unknown}


   Skills:
 + Level 7.6 Fighting
 - Level 2.2 Long Blades
 - Level 0.7 Throwing
 - Level 1.0 Armour
 - Level 2.1 Dodging
 + Level 3.5 Shields
 * Level 8.4 Spellcasting


You had one spell level left.
You knew the following spells:

 Your Spells              Type           Power      Damage    Failure   Level
a - Foxfire               Conj/Fire      100%       2x1d9     1%          1
b - Poisonous Vapours     Pois/Air       88%        N/A       1%          2
c - Gell's Gravitas       Tloc           44%        N/A       1%          3
d - Teleport Other        Tloc           44%        N/A       1%          3
e - Manifold Assault      Tloc           44%        N/A       10%         5
f - Blink                 Tloc           88%        N/A       1%          2
g - Conjure Flame         Conj/Fire      44%        6-21      1%          3
h - Ensorcelled Hibernat  Hex/Ice        88%        N/A       1%          2
i - Lesser Beckoning      Tloc           44%        N/A       1%          3
Your spell library was empty.

Dungeon Overview and Level Annotations

Branches:
Dungeon (8/15)             Temple (1/1) D:7
   Lair: D:8-11

Altars:
Ashenzari
Cheibriados
Dithmenos
Elyvilon
Fedhas
Hepliaklqana
Kikubaaqudgha
Makhleb
Okawaru
Qazlal
Ru
Sif Muna
Trog
Uskayaw
Vehumet
Wu Jian
Xom
Yredelemnul
Zin
The Shining One

Shops:
D:1 (   D:5 [(   D:8 **

Annotations:
D:5 1 runed translucent door


Innate Abilities, Weirdness & Mutations

You are immune to sickness and miasma.
You are immune to poison.
Your flesh is very heat resistant. (rF++)
You are vulnerable to cold. (rC-)
You float through the air rather than walking.
You learn spells naturally, not from books.
Your magical power is your life essence.
You have superior vitality. (+4 HP)


Message History

The hornet closely misses you.
You hear a shout! x3
Casting: Poisonous Vapours (safe; 1% risk of failure)
Confirm with . or Enter, or press ? or * to list all spells.
Aiming: Poisonous Vapours (safe; 1% risk of failure)
Press: ? - help, Dir - move target, f/p - hornet
Aim: a hornet (lightly wounded, very poisoned) Poisonous vapours surround the hornet!
The hornet looks as sick as possible!
The hornet barely misses you. The hornet completely misses you.
Casting: Poisonous Vapours (safe; 1% risk of failure)
Confirm with . or Enter, or press ? or * to list all spells.
You conjure some foxfire!
The hornet stings you but does no damage.
Casting: Foxfire (safe; 1% risk of failure)
Confirm with . or Enter, or press ? or * to list all spells.
You conjure some foxfire!
The foxfire hits the hornet but does no damage.
The hornet is severely wounded.
The foxfire hits the hornet but does no damage.
The hornet is severely wounded.
The hornet barely misses you. The hornet closely misses you.
Casting: Foxfire (safe; 1% risk of failure)
Confirm with . or Enter, or press ? or * to list all spells.
You conjure some foxfire!
You kill the hornet!
Makhleb accepts your kill.
The centaur warrior wields a +0 longbow.
The centaur warrior shoots an arrow.
The arrow hits you!!
The centaur warrior shoots an arrow.
The arrow hits you!!
* * * LOW HITPOINT WARNING * * *
Casting: Foxfire (safe; 1% risk of failure)
Confirm with . or Enter, or press ? or * to list all spells.
You conjure some foxfire!
* * * LOW HITPOINT WARNING * * *
As you read the scroll of teleportation {@r4}, it crumbles to dust.
You feel strangely unstable.
The foxfire hits the centaur warrior but does no damage.
Your foxfire dissipates!
The centaur warrior shoots an arrow.
The arrow hits you!!
You die...

...## #...###. .)))#
#...... ....# ###....>
....## ......# .....#
...§.# .....###...
#.§v## .....#....
#.§§.# #........
##§§v####.# #.......#
##.v§@§v§..#
#.......####§§###§###.#
".........§§..# §.$
..............# c§.#
............#...>..§..
....###...###.#.....#..
....# #...#
#.#.....#... ....#
##).# #.# #.### ..
...## #..# #.. ...


You could see a centaur warrior (ally target).

Vanquished Creatures
  A hornet (D:8)
  Eustachio (D:5)
  A steam dragon (D:7)
  Edmund (D:4)
  2 water moccasins
  3 sky beasts
  2 ice beasts
  3 necrophages
  An orc warrior (D:6)
  A black bear (D:4)
  A centaur (D:7)
  A kobold brigand (D:8)
  A scorpion (D:5)
  Blork the orc (D:4)
  A water moccasin skeleton (D:5)
  8 wights
  2 howler monkeys (D:7)
  A bullfrog zombie (D:6)
  A hound (D:4)
  A jelly (D:5)
  An orc priest (D:5)
  A bullfrog skeleton (D:5)
  5 iguanas
  2 orc wizards
  A killer bee zombie (D:6)
  A hound skeleton (D:4)
  A howler monkey zombie (D:6)
  7 gnolls
  A howler monkey skeleton (D:7)
  8 adders
  2 shadow imps
  An adder zombie (D:5)
  A worm (D:6)
  A dart slug (D:1)
  7 orcs
  10 ball pythons
  5 endoplasms
  3 giant cockroaches
  3 goblins
  5 hobgoblins
  14 kobolds
  3 quokkas
  A bat (D:2)
  5 frilled lizards
  3 rats
126 creatures vanquished.

Vanquished Creatures (others)
  435 foxfires
435 creatures vanquished.

Grand Total: 561 creatures vanquished

Notes
Turn   | Place    | Note
-------+----------+-------------------------------------------
     0 | D:1      | freelancePsychic the Djinni Warper began the quest for the
                  | Orb.
     0 | D:1      | Reached XP level 1. HP: 18/18 MP: 0/0
   309 | D:1      | Reached XP level 2. HP: 16/23 MP: 0/0
  1014 | D:1      | Found Pitareor's Antique Weapon Shop.
  1087 | D:1      | Reached XP level 3. HP: 29/29 MP: 0/0
  1087 | D:1      | Learned a level 1 spell: Foxfire
  1139 | D:1      | Found a faded altar of an unknown god.
  1556 | D:2      | Reached skill level 3 in Spellcasting
  1560 | D:2      | Reached XP level 4. HP: 23/34 MP: 0/0
  1929 | D:2      | Found a glowing golden altar of the Shining One.
  3210 | D:4      | Reached XP level 5. HP: 37/40 MP: 0/0
  3210 | D:4      | Learned a level 2 spell: Poisonous Vapours
  3465 | D:4      | Noticed Blork the orc
  3514 | D:4      | Killed Blork the orc
  3515 | D:4      | Reached skill level 4 in Spellcasting
  3515 | D:4      | Reached XP level 6. HP: 30/46 MP: 0/0
  3682 | D:4      | Noticed a necrophage
  3807 | D:4      | Noticed Edmund
  3921 | D:4      | Killed Edmund
  4121 | D:4      | Reached XP level 7. HP: 47/52 MP: 0/0
  4121 | D:4      | Learned a level 2 spell: Ensorcelled Hibernation
  4163 | D:4      | Identified the ring of Luchan {Drain Will+++ AC+4 Str-2
                  | Int+3}
  4373 | D:5      | Entered Level 5 of the Dungeon
  4418 | D:5      | Found a white marble altar of Elyvilon.
  4475 | D:5      | Noticed Eustachio
  4489 | D:5      | Reached skill level 5 in Spellcasting
  4673 | D:4      | Reached skill level 5 in Fighting
  4856 | D:5      | Reached XP level 8. HP: 45/59 MP: 0/0
  5068 | D:5      | Reached skill level 6 in Spellcasting
  5234 | D:5      | Found a runed translucent door.
  5429 | D:5      | Found Boigek's Antique Weapon Shoppe.
  5598 | D:5      | Found Tuehoag's Antique Armour Boutique.
  5611 | D:5      | Killed Eustachio
  6065 | D:6      | Reached skill level 7 in Spellcasting
  6065 | D:6      | Reached XP level 9. HP: 63/67 MP: 0/0
  6065 | D:6      | Learned a level 3 spell: Conjure Flame
  6897 | D:6      | Found a snail-covered altar of Cheibriados.
  7125 | D:7      | Reached skill level 1 in Shields
  7867 | D:7      | Found a staircase to the Ecumenical Temple.
  7876 | Temple   | Entered the Ecumenical Temple
  8022 | Temple   | Became a worshipper of Makhleb the Destroyer
  8512 | D:7      | Reached skill level 8 in Spellcasting
  8635 | D:7      | Reached XP level 10. HP: 70/75 MP: 0/0
  8707 | D:7      | Found a glowing golden altar of the Shining One.
  8964 | D:8      | Found Jyxtuh's Specific Store.
  8969 | D:8      | Found Fuosh's General Store.
  9181 | D:8      | Noticed a centaur warrior
  9188 | D:8      | Shot with an arrow by a centaur warrior

Illustrated notes

Levels and vault maps discovered:
D:1:      elethiomel_arrival_fortress_basement, layout_loops_corners,
          serial_shops, shop_statue, shapermc_ecumenical_altar_mp_ritualfount,
          serial_bayou_pond_b
D:2:      layout_loops_ring, basic_altar, hangedman_decor_push
D:3:      layout_loops_corners
D:4:      layout_basic, lemuel_crystal_altar, uniq_blork_the_orc, uniq_edmund
D:5:      layout_cave_pools, elyvilon_altar_1, serial_shops, kennysheep_mini,
          nicolae_shop_hallway_plus, lightli_church_of_beogh, uniq_eustachio
D:6:      layout_basic, chei_slow_surprise
D:7:      layout_loops_cross, tso_oasis_becter, lemuel_temple_firewalk_b
D:8:      layout_layer_cave, kennysheep_mini_moat, serial_shops,
          nicolae_shop_stone, gammafunk_ghost_abyssal_escape, st_stairs_3,
          chequers_serial_rivers_micro_b, nicolae_specific_store, uniq_harold,
          uniq_erica
Temple:   eino_temple_scatter_basement

Skill      XL: |  1  2  3  4  5  6  7  8  9 |
---------------+----------------------------+-----
Long Blades    | 2 |  2.2
Spellcasting   | 3 4 5 7 8 |  8.4
Fighting       | 3 4 5 6 7 |  7.6
Shields        | 3 |  3.5
Throwing       | |  0.7
Armour         | |  1.0
Dodging        | |  2.1

Action                   |  1- 3 |  4- 6 |  7- 9 | 10-12 || total
-------------------------+-------+-------+-------+-------++-------
Melee: Falchion          |    41 |    32 |    54 |       ||   127
Throw: Boomerang         |     4 |       |       |       ||     4
 Cast: Foxfire           |    14 |    49 |   194 |    14 ||   271
       Poisonous Vapours |       |    22 |    45 |     2 ||    69
       Conjure Flame     |       |       |     5 |       ||     5
       Blink             |       |       |     4 |       ||     4
  Use: Scroll            |       |     3 |     4 |     1 ||     8
Armor: Leather armour    |     8 |    15 |    59 |     1 ||    83
Dodge: Dodged            |    23 |    32 |    64 |     5 ||   124

Table legend: (Time is in decaauts)
 A = Elapsed time spent in this place.
 B = Non-inter-level travel time spent in this place.
 C = Inter-level travel time spent in this place.
 D = Time resting spent in this place.
 E = Time spent auto-exploring this place.
 F = Levels seen in this place.
 G = Mean time per level.
                   A        B        C        D        E       F      G
               +--------+--------+--------+--------+--------+-----+--------+
         Total |   9200 |   8759 |    441 |      0 |   7569 |   9 | 1022.2 |
       Dungeon |   9044 |   8612 |    432 |      0 |   7447 |   8 | 1130.5 |
        Temple |    156 |    147 |      9 |      0 |    122 |   1 |  156.0 |
               +--------+--------+--------+--------+--------+-----+--------+

Top non-repeatable levels by time:
     D:4: 1541 daAuts
     D:1: 1480 daAuts
     D:6: 1446 daAuts
     D:7: 1352 daAuts
     D:5: 1096 daAuts
     D:3: 947 daAuts
     D:2: 872 daAuts
     D:8: 306 daAuts
  Temple: 156 daAuts
